AoeStats
← dorine6

Arena

510802075Analyzed
1v1 RM · 15h ago on Oct 2, 2026· 91m 38s· 2 players
Game mode
Random Map
Map size
Tiny (2 player)
Population
200
Speed
Normal
Resources
Standard
Victory
Conquest
Starting age
Dark Age
Ending age
Imperial Age
RankedLock teamsTeams togetherTeam positionsShared explorationLock speedFull tech treeHidden civsTurbo modeCheats
Victory
Defeat
🇷🇺 Portuguese · Russia
721
+16
🇫🇷 Georgians · France
716
-16
dorine6
5:07 Loom
12:43 Feudal Age
12:52 Feudal Age
14:19 Feudal Age
15:28 Town Watch
18:34 Castle Age
18:12 Bloodlines
19:08 Fletching
19:30 Husbandry
19:31 Double-Bit Axe
19:36 Gold Mining
19:35 Horse Collar
21:04 Town Watch
24:32 Scale Barding Armor
24:06 Crossbowman
31:13 Ballistics
30:44 Fletching
31:15 Chain Barding Armor
33:14 Bow Saw
36:13 Imperial Age
34:21 Murder Holes
34:37 Masonry
34:47 Svan Towers
35:59 Bodkin Arrow
36:54 Cavalier
39:54 Architecture
41:18 Capped Ram
42:06 Siege Engineers
43:33 Chemistry
42:17 Treadmill Crane
43:11 Town Patrol
43:46 Wheelbarrow
44:20 Siege Ram
44:39 Elite Monaspa
45:52 Bracer
45:53 Padded Archer Armor
46:16 Herbal Medicine
47:45 Onager
56:44 Hoardings
62:38 Plate Barding Armor
62:19 Leather Archer Armor
62:14 Forging
68:14 Iron Casting
77:55 Guilds
Kokos
10:08 Feudal Age
10:38 Double-Bit Axe
10:35 Horse Collar
14:41 Wheelbarrow
18:37 Castle Age
18:43 Gold Mining
18:45 Stone Mining
19:16 Scale Barding Armor
19:33 Bow Saw
19:27 Heavy Plow
20:18 Forging
21:14 Hand Cart
22:38 Stone Shaft Mining
21:30 Pikeman
22:36 Town Watch
24:30 Iron Casting
23:56 Scale Mail Armor
24:34 Fervor
30:40 Imperial Age
29:08 Fortified Wall
29:10 Masonry
28:41 Treadmill Crane
29:06 Fletching
32:43 Two-Man Saw
31:49 Arquebus
36:41 Architecture
36:20 Siege Engineers
36:37 Ballistics
37:58 Chemistry
38:03 Conscription
39:20 Bodkin Arrow
42:03 Halberdier
45:10 Onager
47:21 Bombard Tower
49:45 Blast Furnace
49:01 Chain Mail Armor
50:50 Elite Organ Gun
52:40 Guard Tower
52:46 Murder Holes
56:29 Chain Barding Armor
56:40 Plate Mail Armor
56:11 Bracer
64:09 Arson
77:59 Circumnavigation
80:22 Town Patrol
80:08 Loom
89:00 Capped Ram
Connection lost

Rejoining the realm…

Still unreachable

The connection could not be restored.

Session expired

The server has moved on; the page needs a fresh start.